 Dungeon Crawl Stone Soup version 0.16.1 (webtiles) character file.

2663 Meow the Fighter (level 9, -8/68 HPs)
             Began as an Octopode Wizard on Mar 24, 2015.
             Was a Believer of the Shining One.
             Killed from afar by an orc wizard (10 damage)
             ... with a magic dart
             ... on level 9 of the Dungeon on Mar 25, 2015.
             The game lasted 00:48:29 (10517 turns).

Meow the Fighter (Octopode Wizard)                 Turns: 10517, Time: 00:48:30

Health: -8/68      AC:  6    Str:  9    XL:     9   Next: 63%
Magic:  18/18      EV: 12    Int: 23    God:    the Shining One [**....]
Gold:   270        SH:  0    Dex: 11    Spells: 5 memorised, 5 levels left

rFire  . . .     SeeInvis .     b - +2 short sword (protect)
rCold  . . .     Clarity  .     (no shield)
rNeg   + . .     SustAb   .     g - +0 hat
rPois  .         Gourm    .     (no amulet)
rElec  .         Spirit   .     z - +3 ring of strength
rCorr  .         Warding  .     (no ring)
rMut   .         Stasis   .     (no ring)
MR     .....                    (no ring)
Stlth  ++........               (no ring)
                                (no ring)
                                (no ring)
                                (no ring)

@: lethally poisoned (-8 -> -12), glowing, repel missiles, not resistant to
hostile enchantments, unstealthy
A: almost no armour, amphibious, 8 rings, constrict 8, camouflage 1, gelatinous
body 1
a: Divine Shield, Renounce Religion


You were on level 9 of the Dungeon.
You worshipped the Shining One.
The Shining One was pleased with you.
You were not hungry.

You visited 2 branches of the dungeon, and saw 11 of its levels.

You collected 391 gold pieces.
You spent 121 gold pieces at shops.

Inventory:

Hand weapons
 a - a +0 falchion of holy wrath
 b - a +2 short sword of protection (weapon)
Armour
 g - a +0 hat (worn)
Jewellery
 z - a +3 ring of strength (left tentacle)
Magical devices
 u - a wand of cold (9)
Scrolls
 e - 2 scrolls of immolation {unknown}
 f - a scroll of enchant armour {unknown}
 j - 5 scrolls of enchant weapon {unknown}
 k - 2 scrolls of random uselessness {unknown}
 n - 2 scrolls of amnesia {unknown}
 o - 6 scrolls of teleportation {unknown}
 p - a scroll of fog {unknown}
 r - a scroll of blinking {unknown}
 s - 6 scrolls of remove curse {unknown}
 v - a scroll of recharging {unknown}
 w - 6 scrolls of identify {unknown}
 y - a scroll of magic mapping {unknown}
Potions
 l - a potion of mutation
 m - 2 potions of cancellation {unknown}
 q - a potion of flight {unknown}
 x - 2 potions of invisibility {unknown}
Books
 c - a book of Minor Magic

   Spells                             Type                      Level
   a - Magic Dart                     Conjuration                  1
   b - Blink                          Translocation                2
   c - Call Imp                       Summoning                    2
   d - Repel Missiles                 Charms/Air                   2
   e - Slow                           Hexes                        2
   f - Conjure Flame                  Conjuration/Fire             3
   g - Mephitic Cloud                 Conjuration/Poison/Air       3
 i - a Necronomicon {highlevel, unknown}

   This book is beyond your current level of understanding.

   Spells                             Type                      Level
   a - Haunt                          Necromancy/Summoning         7
   b - Borgnjor's Revivification      Necromancy                   8
   c - Death's Door                   Charms/Necromancy            8
   d - Necromutation                  Transmutation/Necromancy     8
   The Shining One opposes the use of such an evil item.
 t - a book of Death

   Spells                             Type                      Level
   a - Corpse Rot                     Necromancy                   2
   b - Sublimation of Blood           Necromancy                   2
   c - Agony                          Necromancy                   5
   d - Dispel Undead                  Necromancy                   5
   e - Excruciating Wounds            Charms/Necromancy            5
   f - Bolt of Draining               Conjuration/Necromancy       5
   The Shining One opposes the use of such an evil item.
Comestibles
 d - 4 bread rations
 h - a meat ration
 A - a slice of pizza
 B - 2 chunks of flesh


   Skills:
 - Level 9.0 Fighting
 + Level 5.8 Long Blades
 - Level 2.0 Dodging
 - Level 2.6 Stealth
 + Level 6.0 Unarmed Combat
 + Level 3.5 Spellcasting
 + Level 1.8 Conjurations
   Level 1.0 Summonings
 - Level 1.0 Translocations
 + Level 1.6 Poison Magic


You had 5 spell levels left.
You knew the following spells:

 Your Spells              Type           Power        Failure   Level  Hunger
a - Magic Dart            Conj           ##..         6%          1    None
c - Mephitic Cloud        Conj/Pois/Air  #.......     21%         3    ###....
f - Repel Missiles        Chrm/Air       #.....       21%         2    #......
s - Slow                  Hex            #.......     21%         2    #......
t - Blink                 Tloc           N/A          14%         2    #......


Dungeon Overview and Level Annotations

Branches:
Dungeon (10/15)            Temple (1/1) D:4
   Lair: D:8-11         Orc: D:9-12

Altars:
Ashenzari
Cheibriados
Dithmenos
Elyvilon
Fedhas
Gozag
Kikubaaqudgha
Makhleb
Nemelex Xobeh
Okawaru
Qazlal
Ru
Sif Muna
Trog
Vehumet
Xom
Yredelemnul
Zin
The Shining One

Shops:
D:5 :   D:9 !

Annotations:
D:5 Meow's ghost, experienced OpWz
D:7 Blork the orc; Pikel
D:9 Grum
D:10 Eustachio


Innate Abilities, Weirdness & Mutations

You cannot wear most types of armour.
You are amphibious.
You can wear up to eight rings at the same time.
You can use your tentacles to constrict many enemies at once.
Your skin changes colour to match your surroundings (Stealth).
Your rubbery body absorbs attacks (AC +1).


Message History

You kill the worker ant!
You feel sick.
You feel sick.
The orc wizard casts a spell.
The orc wizard seems to speed up.
Things that are here:
a dagger; a robe; an orc corpse You feel sick.
The orc wizard points at you and mumbles some strange words.
The magic dart hits you!
* * * LOW HITPOINT WARNING * * *
The deep elf mage points at you and mumbles some strange words.
You resist with some effort.
You hit the deep elf mage but do no damage.
Your grab misses the deep elf mage. You squeeze the deep elf mage!
You kill the deep elf mage!
Your Unarmed Combat skill increases to level 6!
The orc wizard gestures at you while chanting.
The magic dart hits you!
You die...

...........####...........#.#.###
...#####...# ##...###............
##.#####...###.....##a#...#.#(###
[........................#...##
#...#####.####.....##<#.........
.###.####.# #....#####.........
.# #......# #.#.## ##.##.####
.###.###### #.#)# #.##.# ....##
#.#@# #.##.# .#.## #.#)## #.##c
...###########..†.# #.#
................#.#
##############....# ..# #o####
####### #.# #####...####...o.#
#.## #......).....#.#...# ...#
#.#####.###.##o§# .#


You could see an orc wizard.

Vanquished Creatures
  A deep elf mage (D:9)
  2 humans (D:8)
  Edmund (D:8)
  A wolf (D:8)
  A sky beast (D:7)
  2 ogres (D:8)
  2 orc warriors
  A slave (D:7)
  A phantom (D:8)
  A wasp (D:9)
  A centaur (D:9)
  A giant frog (D:6)
  3 scorpions
  3 crimson imps
  A centaur zombie (D:7)
  5 orc priests
  3 giant frog zombies (D:8)
  A jelly (D:6)
  9 orc wizards
  2 hounds
  A giant frog skeleton (D:9)
  2 iguanas
  6 worker ants
  A worker ant zombie (D:8)
  13 adders
  A giant mite (D:8)
  3 shadow imps
  3 worms
  7 giant geckos
  4 oozes
  23 orcs
  13 bats
  5 giant cockroaches
  10 goblins
  8 hobgoblins
  5 jackals
  8 kobolds
  4 quokkas
  3 ball pythons
  A giant gecko skeleton (D:4)
  6 giant newts
  A giant spore (D:9)
  16 rats
  A ballistomycete (D:9)
187 creatures vanquished.

Vanquished Creatures (others)
  A ballistomycete (D:9)
1 creature vanquished.

Grand Total: 188 creatures vanquished

Notes
Turn   | Place    | Note
--------------------------------------------------------------
     0 | D:1      | Meow, the Octopode Wizard, began the quest for the Orb.
     0 | D:1      | Reached XP level 1. HP: 11/11 MP: 4/4
    93 | D:1      | Reached skill level 1 in Fighting
   268 | D:1      | Reached XP level 2. HP: 13/18 MP: 4/6
   949 | D:2      | Reached XP level 3. HP: 25/25 MP: 4/7
   954 | D:2      | Learned a level 3 spell: Mephitic Cloud
  1277 | D:2      | Learned a level 2 spell: Repel Missiles
  1280 | D:2      | Learned a level 2 spell: Blink
  1779 | D:2      | Found a stormy altar of Qazlal.
  1831 | D:2      | Reached XP level 4. HP: 31/31 MP: 6/9
  2102 | D:3      | Noticed an orc warrior
  2115 | D:3      | Killed an orc warrior
  2115 | D:3      | Reached skill level 4 in Fighting
  2115 | D:3      | Reached XP level 5. HP: 35/38 MP: 4/11
  2135 | D:3      | Reached skill level 5 in Fighting
  2566 | D:3      | Reached XP level 6. HP: 41/46 MP: 5/12
  2604 | D:3      | Reached skill level 6 in Fighting
  2926 | D:3      | HP: 2/46 [poisoned by an orc wizard]
  3594 | D:4      | Learned a level 2 spell: Slow
  3607 | D:4      | Reached XP level 7. HP: 53/53 MP: 10/14
  3676 | D:4      | Reached skill level 1 in Long Blades
  4039 | D:4      | Found a staircase to the Ecumenical Temple.
  4249 | D:4      | Reached skill level 7 in Fighting
  4249 | D:4      | Reached skill level 1 in Unarmed Combat
  4405 | D:4      | Gained mutation: You expend magic power (3 MP) to slightly strengthen your wands. [potion of mutation]
  4405 | D:4      | Gained mutation: You occasionally shout uncontrollably at your foes. [potion of mutation]
  4405 | D:4      | Gained mutation: You tend to lose your temper in combat. [potion of mutation]
  4424 | D:4      | Lost mutation: You occasionally shout uncontrollably at your foes. [potion of cure mutation]
  4424 | D:4      | Lost mutation: You tend to lose your temper in combat. [potion of cure mutation]
  4424 | D:4      | Lost mutation: You expend magic power (3 MP) to slightly strengthen your wands. [potion of cure mutation]
  4777 | Temple   | Entered the Ecumenical Temple
  4879 | Temple   | Became a worshipper of the Shining One
  4915 | D:5      | Entered Level 5 of the Dungeon
  5123 | D:5      | Noticed Meow's ghost (experienced OpWz)
  5231 | D:5      | Found Treirphao's Book Shop.
  5699 | D:6      | Reached XP level 8. HP: 45/60 MP: 5/16
  6119 | D:8      | Found a burning altar of Makhleb.
  6119 | D:8      | Found a sacrificial altar of Ru.
  6120 | D:8      | Found a glowing silver altar of Zin.
  6204 | D:9      | Noticed Grum
  6919 | D:8      | Found an iron altar of Okawaru.
  7080 | D:8      | Acquired the Shining One's first power
  7081 | D:8      | Found a shadowy altar of Dithmenos.
  7176 | D:7      | Noticed a hill giant
  7353 | D:7      | Noticed Blork the orc
  7437 | D:7      | Noticed Pikel
  7479 | D:8      | Noticed Edmund
  7490 | D:8      | Killed Edmund
  7490 | D:8      | Reached skill level 8 in Fighting
  7525 | D:8      | HP: 3/61 [poisoned by Edmund]
  8230 | D:8      | Reached XP level 9. HP: 52/67 MP: 17/17
  8581 | D:7      | Reached skill level 5 in Unarmed Combat
  8832 | D:8      | Reached skill level 5 in Long Blades
  9326 | D:9      | Found a deep blue altar of Sif Muna.
  9448 | D:10     | Entered Level 10 of the Dungeon
  9690 | D:10     | Noticed Eustachio
  9705 | D:9      | Reached skill level 9 in Fighting
 10325 | D:9      | Found Piquuzoiqi's Distillery.
 10336 | D:9      | Reached skill level 1 in Poison Magic
 10340 | D:9      | Bought a potion of curing for 33 gold pieces
 10340 | D:9      | Bought a potion of heal wounds for 55 gold pieces
 10340 | D:9      | Bought a potion of curing for 33 gold pieces
 10468 | D:9      | Acquired the Shining One's second power
 10510 | D:9      | HP: 2/68 [orc priest/divine providence (14)]
 10516 | D:9      | HP: 2/68 [orc wizard/magic dart (5)]
 10517 | D:9      | Killed from afar by an orc wizard

Action                   |  1- 3 |  4- 6 |  7- 9 || total
-------------------------+-------+-------+-------++-------
Melee: Unarmed           |    24 |       |       ||    24
       Dagger            |    37 |    89 |       ||   126
       Falchion          |       |    11 |   228 ||   239
       Short sword       |       |       |   133 ||   133
 Cast: Magic Dart        |    32 |    38 |    72 ||   142
       Mephitic Cloud    |     3 |     8 |    49 ||    60
       Blink             |       |       |    11 ||    11
       Repel Missiles    |       |       |     3 ||     3
       Slow              |       |       |     1 ||     1
  Use: Potion            |       |       |    15 ||    15
 Stab: Sleeping          |     1 |     1 |     7 ||     9
       Confused          |       |     6 |     7 ||    13
  Eat: Chunk             |     3 |     6 |    14 ||    23
       Beef jerky        |       |       |     3 ||     3
       Fruit             |       |       |     7 ||     7
       Meat ration       |       |       |     1 ||     1
